 Dungeon Crawl Stone Soup version 0.31-a0-431-g88bdf31460 (webtiles) character file.

Game seed: 482440302742230183

25 Flugkiller the Changeling (level 2, 0/24 HPs)
             Began as a Deep Elf Shapeshifter on July 31, 2023.
             Succumbed to an adder's poison
             ... on level 2 of the Dungeon.
             The game lasted 00:02:30 (1689 turns).

Flugkiller the Changeling (Deep Elf Shapeshifter)   Turns: 1689, Time: 00:02:30

Health: 0/24       AC: 21    Str: 12    XL:     2   Next: 86%
Magic:  4/4        EV:  2    Int: 12    God:
Gold:   62         SH:  0    Dex: 15    Spells: 1/1 levels left

rFire   . .          .
                       - Unarmed
rCold   . . .        (no shield)
rNeg    . . .        a - melded +0 animal skin
rPois   +            (helmet currently unavailable)
rElec   .            (cloak currently unavailable)
rCorr   .            (gloves currently unavailable)
SInv    .            (boots currently unavailable)
Will    .....        (no amulet)
Stlth   +            (no ring)
HPRegen 0.24/turn    (no ring)
MPRegen 0.09/turn

%: no passive effects
@: lethally poisoned (0 -> -3), tree-form
A: stationary, stasis, torment immunity, boosted hp
a: no special abilities


You were on level 2 of the Dungeon.
You were a tree.
You visited 1 branch of the dungeon, and saw 2 of its levels.

You collected 62 gold pieces.

Inventory:

Armour
 a - a +0 animal skin (melded)
Talismans
 c - a beast talisman
Scrolls
 d - a scroll of vulnerability
 e - a scroll of amnesia {unknown}
 r - a scroll of identify
 z - a scroll of blinking
Potions
 b - a potion of lignification
 f - a potion of attraction


   Skills:
 + Level 1.3 Fighting
 - Level 2.4 Dodging
 + Level 3.0 Unarmed Combat
 + Level 3.4 Shapeshifting


You had one spell level left.
You didn't know any spells.
Your spell library was empty.

Dungeon Overview and Level Annotations

Branches:
Dungeon (2/15) Zot: 10309

Altars:


Message History

There is an open door here.
There is an open door here.
You see here 3 stones.
You open the door.
There is an open door here.
You open the door.
Found a robe.
There is an open door here.
Press: ? - help, v - describe, . - travel The floor.
Search for what [? for help]? weapon Unknown command.
There is an open door here.
An endoplasm and a hobgoblin come into view.
There are monsters nearby!
A goblin comes into view. It is wielding a +0 club.
The helpless hobgoblin fails to defend itself.
You hit the hobgoblin but do no damage. You punch the hobgoblin.
The hobgoblin is moderately wounded.
The goblin shouts!
You closely miss the hobgoblin.
The hobgoblin is moderately wounded.
The hobgoblin closely misses you.
You barely miss the hobgoblin.
The hobgoblin is moderately wounded.
The hobgoblin hits you.
You hit the hobgoblin.
You kill the hobgoblin!
The goblin unwields a +0 club.
The goblin wields a +0 sling.
The goblin shoots a sling bullet.
The sling bullet hits you.
Found a stone staircase leading down.
The goblin shoots a sling bullet.
The sling bullet hits you.
You see here a hobgoblin corpse.
The goblin shoots a sling bullet.
The sling bullet hits you but does no damage.
The endoplasm quivers.
The goblin shoots a sling bullet.
The sling bullet hits you.
You start resting.
There are monsters nearby!
You hit the endoplasm.
The endoplasm is lightly wounded.
The endoplasm freezes you.
You are frozen.
You hit the endoplasm.
The endoplasm is almost dead.
The endoplasm hits you.
You are too injured to fight recklessly!
You hit the endoplasm.
You kill the endoplasm!
You hit the goblin.
The goblin is almost dead.
The goblin unwields a +0 sling.
The goblin wields a +0 club.
The goblin closely misses you.
You barely miss the goblin.
The goblin is almost dead.
The goblin closely misses you.
You closely miss the goblin.
The goblin is almost dead.
The goblin barely misses you.
You hit the goblin.
You kill the goblin!
Things that are here:
a +0 club; a +0 sling You start resting.
HP restored.
Things that are here:
a +0 club; a +0 sling You now have 62 gold pieces (gained 6).
You open the door.
There is an open door here.
An adder comes into view.
The adder hisses angrily.
An adder is nearby!
The adder bites you.
You closely miss the adder. The adder bites you.
You are poisoned.
The adder poisons you!
You hit the adder.
The adder is heavily wounded.
You feel sick. The adder bites you.
You are too injured to fight recklessly!
You hit the adder.
The adder is severely wounded.
You feel sick. The adder bites you. x2
You closely miss the adder.
The adder is severely wounded.
* * * LOW HITPOINT WARNING * * *
You feel sick. The adder bites you.
* * * LOW HITPOINT WARNING * * *
Really quaff the potion of lignification?
Your transformation has ended.
You turn into a tree.
Your +0 animal skin melds into your body.
Your roots penetrate the ground.
* * * LOW HITPOINT WARNING * * *
You feel sick. The adder bites you but does no damage.
Unknown command.
You completely miss the adder.
The adder is severely wounded.
You die...

## ####..... .#### #........
....# ....# #........ ....#
.##.########## #........ .....#
###.#........# #......# .....#
#.#........# #......# ......#
#.#........# #.S....####.w....#
#.#........# #♣.....#.††......#
###.#........###......##.########
....'............................
###.#........###......##.........
†..............................##
###)#........####.###.########w..
#.#.............# #.# #..#
#.#[.......### ## # #..#
#.#........# #..#


You could see an adder.

Vanquished Creatures
  3 bats
  4 endoplasms
  A goblin (D:2)
  3 hobgoblins (D:2)
  2 jackals (D:1)
  3 kobolds
  A quokka (D:1)
  A ball python (D:2)
  A frilled lizard (D:2)
  2 rats (D:2)
21 creatures vanquished.

Notes
Turn   | Place    | Note
-------+----------+-------------------------------------------
     0 | D:1      | Flugkiller the Deep Elf Shapeshifter began the quest for
                  | the Orb.
     0 | D:1      | Reached XP level 1. HP: 11/11 MP: 3/3
   111 | D:1      | Reached skill level 1 in Fighting
   269 | D:1      | Found a faded altar of an unknown god.
   471 | D:1      | Reached XP level 2. HP: 15/16 MP: 4/4
  1688 | D:2      | HP: 1/24 [poisoned by an adder]
  1689 | D:2      | Succumbed to an adder's poison

Illustrated notes

Levels and vault maps discovered:
D:1:      eino_arrival_druids_welcome, layout_loops_corners,
          shapermc_ecumenical_altar_totnotflames, roderic_serpentine_path
D:2:      layout_basic

Skill      XL: |  1  2 |
---------------+-------+-----
Fighting       | 1 |  1.3
Unarmed Combat | 3 |  3.0
Dodging        | |  2.4
Shapeshifting  | |  3.4

Action                     || total
---------------------------++-------
  Melee: Unarmed           ||    68
         Punch             ||     1
    Use: Scroll            ||     3
         Potion            ||     1
   Stab: Sleeping          ||     1
 Armour: Animal skin       ||     8
         Skin              ||     1
  Dodge: Dodged            ||    30

Table legend: (Time is in decaauts)
 A = Elapsed time spent in this place.
 B = Non-inter-level travel time spent in this place.
 C = Inter-level travel time spent in this place.
 D = Time resting spent in this place.
 E = Time spent auto-exploring this place.
 F = Levels seen in this place.
 G = Mean time per level.
                   A        B        C        D        E       F      G
               +--------+--------+--------+--------+--------+-----+--------+
         Total |   1690 |   1659 |     31 |    192 |   1104 |   2 |  845.0 |
       Dungeon |   1690 |   1659 |     31 |    192 |   1104 |   2 |  845.0 |
               +--------+--------+--------+--------+--------+-----+--------+

Top non-repeatable levels by time:
     D:1: 1110 daAuts
     D:2: 579 daAuts
